PA
YELLOWKNIFE DRAGONBLOOD @ PUT-IN-BAY BC
08/19/2021
 
TOP OF THE 1ST
Yellowknife Dragonblood batting - Pitching for Put-In-Bay BC : RHP Alfonso Garza
Pitching: RHP Alfonso Garza
Batting: RHB Javier Chávez 0-0: Ground out 4-3 (Groundball, 4M)
Batting: RHB Sancho Balderas 0-0: Ball
1-0: Foul Ball, location: 2F
1-1: Ball
2-1: SINGLE (Flyball, 7S)
Batting: RHB Jason Mann 0-0: Called Strike
0-1: Called Strike
0-2: Ball
1-2: Ball
2-2: Ball
3-2: Strikes out swinging
Sancho Balderas steals 2nd base
Batter strikes out.
Batting: LHB Carl Duncan 0-0: Ball
1-0: Ground out 3-1 (Groundball, 3)
Top of the 1st over - 0 run(s), 1 hit(s), 0 error(s), 1 left on base; Yellowknife 0 - Put-In-Bay 0
BOTTOM OF THE 1ST
Put-In-Bay BC batting - Pitching for Yellowknife Dragonblood : LHP Carlos Díaz
Pitching: LHP Carlos Díaz
Batting: RHB Carlos Trujillo 0-0: Foul Ball, location: 2F
0-1: Swinging Strike
0-2: Foul Ball, location: 2F
0-2: Strikes out swinging
Batting: RHB Ken Little 0-0: Called Strike
0-1: Ball
1-1: Foul Ball, location: 2F
1-2: Ball
2-2: Foul Ball, location: 2F
2-2: Ball
3-2: Ground out 6-3 (Groundball, 6)
Batting: RHB Eddie Davis 0-0: Swinging Strike
0-1: Ball
1-1: Called Strike
1-2: Ball
2-2: Ball
3-2: Foul Ball, location: 2F
3-2: Strikes out swinging
Bottom of the 1st over - 0 run(s), 0 hit(s), 0 error(s), 0 left on base; Yellowknife 0 - Put-In-Bay 0
TOP OF THE 2ND
Yellowknife Dragonblood batting - Pitching for Put-In-Bay BC : RHP Alfonso Garza
Batting: RHB Rodriguo Condea 0-0: Fly out, F9 (Flyball, 89M)
Batting: RHB Miguel Uribe 0-0: SINGLE (Flyball, 78S)
Batting: LHB Tae-sang Han 0-0: Called Strike
Miguel Uribe steals 2nd base
0-1: Ball
1-1: Called Strike
1-2: Ball
2-2: Foul Ball, location: 2F
2-2: Ball
3-2: Foul Ball, location: 2F
3-2: Foul Ball, location: 2F
3-2: Foul Ball, location: 2F
3-2: Ground out 1-3 (Groundball, 34S)
Miguel Uribe to third
Batting: RHB Iván Miranda 0-0: Ball
1-0: Fly out, F9 (Flyball, 89M)
Top of the 2nd over - 0 run(s), 1 hit(s), 0 error(s), 1 left on base; Yellowknife 0 - Put-In-Bay 0
BOTTOM OF THE 2ND
Put-In-Bay BC batting - Pitching for Yellowknife Dragonblood : LHP Carlos Díaz
Batting: RHB Alfredo Martínez 0-0: Fly out, F6 (Popup, 56)
Batting: RHB Rocky Cantrell 0-0: Called Strike
0-1: Foul Ball, location: 2F
0-2: Ball
1-2: Ball
2-2: Foul Ball, location: 2F
2-2: Ball
3-2: Foul Ball, location: 2F
3-2: Foul Ball, location: 2F
3-2: Base on Balls
Batting: SHB Álex Gutiérrez 0-0: Called Strike
0-1: Called Strike
0-2: Foul Ball, location: 2F
0-2: Strikes out swinging
Batting: LHB Felipe Martínez 0-0: Ball
1-0: Ball
2-0: SINGLE (Flyball, 78S)
Rocky Cantrell to second
Batting: RHB Manuel Sánchez 0-0: Ball
1-0: Called Strike
1-1: Swinging Strike
1-2: Ball
2-2: Foul Ball, location: 2F
2-2: Foul Ball, location: 2F
2-2: Fly out, F6 (Popup, 56)
Bottom of the 2nd over - 0 run(s), 1 hit(s), 0 error(s), 2 left on base; Yellowknife 0 - Put-In-Bay 0
TOP OF THE 3RD
Yellowknife Dragonblood batting - Pitching for Put-In-Bay BC : RHP Alfonso Garza
Batting: RHB Lloyd Walsh 0-0: Called Strike
0-1: Ball
1-1: Foul Ball, location: 2F
1-2: Ball
2-2: Foul Ball, location: 2F
2-2: Ball
3-2: Strikes out swinging
Batting: RHB Javier Chávez 0-0: DOUBLE (Flyball, 8RXD)
Batting: RHB Sancho Balderas 0-0: Ball
1-0: Ball
2-0: SINGLE (Groundball, 56)
Javier Chávez to third
Runner from 3rd tries for Home, SAFE, no throw or cutoff
Batting: RHB Jason Mann 0-0: Called Strike
0-1: Foul Ball, location: 2F
0-2: Ball
1-2: Strikes out swinging
Batting: LHB Carl Duncan 0-0: Ball
Sancho Balderas is caught stealing 2nd base
Top of the 3rd over - 1 run(s), 2 hit(s), 0 error(s), 0 left on base; Yellowknife 1 - Put-In-Bay 0
BOTTOM OF THE 3RD
Put-In-Bay BC batting - Pitching for Yellowknife Dragonblood : LHP Carlos Díaz
Batting: RHB Jack Burton 0-0: Called Strike
0-1: Ball
1-1: Called Strike
1-2: Foul Ball, location: 2F
1-2: Strikes out looking
Batting: RHB Carlos Trujillo 0-0: Swinging Strike
0-1: Called Strike
0-2: Fly out, F7 (Flyball, 7LM)
Batting: RHB Ken Little 0-0: Ball
1-0: Called Strike
1-1: Ball
2-1: Reached on error, E5 (Groundball, 5)
Batting: RHB Eddie Davis 0-0: Called Strike
0-1: Ball
1-1: SINGLE (Groundball, 4MD)
Ken Little to second
Batting: RHB Alfredo Martínez 0-0: Ground out 1-3 (Groundball, 13S)
Bottom of the 3rd over - 0 run(s), 1 hit(s), 1 error(s), 2 left on base; Yellowknife 1 - Put-In-Bay 0
TOP OF THE 4TH
Yellowknife Dragonblood batting - Pitching for Put-In-Bay BC : RHP Alfonso Garza
Batting: LHB Carl Duncan 0-0: Called Strike
0-1: Foul Ball, location: 2F
0-2: Fly out, F8 (Flyball, 8LM)
Batting: RHB Rodriguo Condea 0-0: Called Strike
0-1: Swinging Strike
0-2: Ball
1-2: Strikes out swinging
Batting: RHB Miguel Uribe 0-0: Foul Ball, location: 2F
0-1: Ball
1-1: Ball
2-1: Ball
3-1: Foul Ball, location: 2F
3-2: Strikes out looking
Top of the 4th over - 0 run(s), 0 hit(s), 0 error(s), 0 left on base; Yellowknife 1 - Put-In-Bay 0
BOTTOM OF THE 4TH
Put-In-Bay BC batting - Pitching for Yellowknife Dragonblood : LHP Carlos Díaz
Batting: RHB Rocky Cantrell 0-0: Called Strike
0-1: Ball
1-1: Swinging Strike
1-2: Strikes out looking
Batting: SHB Álex Gutiérrez 0-0: Foul Ball, location: 2F
0-1: Swinging Strike
0-2: Fly out, F3 (Popup, 3F)
Batting: LHB Felipe Martínez 0-0: Called Strike
0-1: Ball
1-1: Ground out 1-3 (Groundball, 13)
Bottom of the 4th over - 0 run(s), 0 hit(s), 0 error(s), 0 left on base; Yellowknife 1 - Put-In-Bay 0
TOP OF THE 5TH
Yellowknife Dragonblood batting - Pitching for Put-In-Bay BC : RHP Alfonso Garza
Batting: LHB Tae-sang Han 0-0: Ball
1-0: Called Strike
1-1: Swinging Strike
1-2: Foul Ball, location: 2F
1-2: Strikes out looking
Batting: RHB Iván Miranda 0-0: Ball
1-0: Foul Ball, location: 2F
1-1: Swinging Strike
1-2: Strikes out swinging
Batting: RHB Lloyd Walsh 0-0: Bunted foul
0-1: Ball
1-1: Foul Ball, location: 2F
1-2: Ground out 6-3 (Groundball, 6)
Top of the 5th over - 0 run(s), 0 hit(s), 0 error(s), 0 left on base; Yellowknife 1 - Put-In-Bay 0
BOTTOM OF THE 5TH
Put-In-Bay BC batting - Pitching for Yellowknife Dragonblood : LHP Carlos Díaz
Batting: RHB Manuel Sánchez 0-0: Hit by Pitch
Batting: RHB Jack Burton 0-0: Bunted foul
0-1: Sac Bunt - play at first, batter OUT! 1-4
Manuel Sánchez to second
Batting: RHB Carlos Trujillo 0-0: TRIPLE (Flyball, 89M)
Manuel Sánchez scores
Batting: RHB Ken Little 0-0: Called Strike
0-1: Ball
1-1: Ball
2-1: Called Strike
2-2: Strikes out swinging
Batting: RHB Eddie Davis 0-0: Ball
1-0: Called Strike
1-1: Hit by Pitch
Batting: RHB Alfredo Martínez 0-0: Ball
1-0: Fly out, F8 (Flyball, 78M)
Bottom of the 5th over - 1 run(s), 1 hit(s), 0 error(s), 2 left on base; Yellowknife 1 - Put-In-Bay 1
TOP OF THE 6TH
Yellowknife Dragonblood batting - Pitching for Put-In-Bay BC : RHP Alfonso Garza
Batting: RHB Javier Chávez 0-0: Ground out 5-3 (Groundball, 5S)
Batting: RHB Sancho Balderas 0-0: Foul Ball, location: 2F
0-1: Ball
Single, Error in OF, E7, batter to second base
Batting: RHB Jason Mann 0-0: Called Strike
0-1: Fly out, F9 (Flyball, 9M)
Batting: LHB Carl Duncan 0-0: Ball
1-0: Called Strike
1-1: Ground out 1-3 (Groundball, 15S)
Top of the 6th over - 0 run(s), 1 hit(s), 1 error(s), 1 left on base; Yellowknife 1 - Put-In-Bay 1
BOTTOM OF THE 6TH
Put-In-Bay BC batting - Pitching for Yellowknife Dragonblood : LHP Carlos Díaz
Batting: RHB Rocky Cantrell 0-0: Ball
1-0: SINGLE (Line Drive, 7S)
Batting: SHB Álex Gutiérrez 0-0: Bunted foul
0-1: Sac Bunt - play at first, batter OUT! 3-4
Rocky Cantrell to second
Batting: LHB Felipe Martínez 0-0: Fly out, F8 (Line Drive, 8RS)
Batting: RHB Manuel Sánchez 0-0: Reached on Error, E9 (Flyball, 9LM)
Rocky Cantrell scores
Batting: RHB Jack Burton 0-0: Ball
1-0: Ground out 4-3 (Groundball, 4M)
Bottom of the 6th over - 1 run(s), 1 hit(s), 1 error(s), 1 left on base; Yellowknife 1 - Put-In-Bay 2
TOP OF THE 7TH
Yellowknife Dragonblood batting - Pitching for Put-In-Bay BC : RHP Alfonso Garza
Batting: RHB Rodriguo Condea 0-0: Ball
1-0: Called Strike
1-1: Fly out, F4 (Popup, 34D)
Batting: RHB Miguel Uribe 0-0: Ground out 6-3 (Groundball, 56)
Batting: LHB Tae-sang Han 0-0: Ball
1-0: Swinging Strike
1-1: Foul Ball, location: 2F
1-2: Strikes out swinging
Top of the 7th over - 0 run(s), 0 hit(s), 0 error(s), 0 left on base; Yellowknife 1 - Put-In-Bay 2
BOTTOM OF THE 7TH
Put-In-Bay BC batting - Pitching for Yellowknife Dragonblood : LHP Carlos Díaz
Batting: RHB Carlos Trujillo 0-0: SINGLE (Groundball, 34) (infield hit)
Batting: RHB Ken Little 0-0: Ball
1-0: Called Strike
1-1: Sac Bunt - play at first, batter OUT! 1-4
Carlos Trujillo to second
Batting: RHB Eddie Davis 0-0: SINGLE (Groundball, 56D)
Carlos Trujillo to third
Runner from 3rd tries for Home, SAFE, no throw or cutoff
Batting: RHB Alfredo Martínez 0-0: Ground out 5-3 (Groundball, 5S)
Eddie Davis to second
Batting: RHB Rocky Cantrell 0-0: Called Strike
0-1: Swinging Strike
0-2: Ball
1-2: Strikes out swinging
Bottom of the 7th over - 1 run(s), 2 hit(s), 0 error(s), 1 left on base; Yellowknife 1 - Put-In-Bay 3
TOP OF THE 8TH
Yellowknife Dragonblood batting - Pitching for Put-In-Bay BC : RHP Alfonso Garza
Batting: RHB Iván Miranda 0-0: Called Strike
0-1: Swinging Strike
0-2: SINGLE (Groundball, 56)
Batting: RHB Lloyd Walsh 0-0: Ball
1-0: Grounds into double play, 5-4-3 (Groundball, 5)
Batting: RHB Javier Chávez 0-0: Ball
1-0: Called Strike
1-1: Fly out, F9 (Flyball, 9LM)
Top of the 8th over - 0 run(s), 1 hit(s), 0 error(s), 0 left on base; Yellowknife 1 - Put-In-Bay 3
BOTTOM OF THE 8TH
Put-In-Bay BC batting - Pitching for Yellowknife Dragonblood : LHP Carlos Díaz
Batting: SHB Álex Gutiérrez 0-0: Ball
1-0: Foul Ball, location: 2F
1-1: Ball
2-1: Foul Ball, location: 2F
2-2: Ball
3-2: Base on Balls
Batting: LHB Felipe Martínez 0-0: Foul Ball, location: 2F
0-1: Bunted foul
0-2: Ground out U3 (Groundball, 3S)
Álex Gutiérrez to second
Batting: RHB Manuel Sánchez 0-0: Ball
1-0: Ball
2-0: Foul Ball, location: 2F
2-1: Foul Ball, location: 2F
2-2: Fly out, F9 (Flyball, 89M)
Batting: RHB Jack Burton 0-0: Called Strike
0-1: Ball
1-1: Called Strike
1-2: Strikes out swinging
Bottom of the 8th over - 0 run(s), 0 hit(s), 0 error(s), 1 left on base; Yellowknife 1 - Put-In-Bay 3
TOP OF THE 9TH
Yellowknife Dragonblood batting - Pitching for Put-In-Bay BC : RHP Alfonso Garza
Pitching: RHP Vicente García
Batting: RHB Sancho Balderas 0-0: Called Strike
0-1: SINGLE (Line Drive, 8RS)
Batting: RHB Jason Mann 0-0: Called Strike
0-1: Ball
1-1: Ball
2-1: Foul Ball, location: 2F
2-2: SINGLE (Groundball, 6MD)
Sancho Balderas to second
Batting: LHB Carl Duncan 0-0: Ball
1-0: Foul Ball, location: 2F
1-1: Grounds into double play, 4-6-3 (Groundball, 4)
Sancho Balderas to third
Batting: RHB Rodriguo Condea 0-0: Called Strike
0-1: DOUBLE (Line Drive, 5L)
Sancho Balderas scores
Pinch Hitting: LHB Gabriel Córdova 0-0: Ball
1-0: Ball
2-0: Ball
3-0: Base on Balls
Pinch Hitting: RHB Pedro Rivera 0-0: Ball
1-0: Called Strike
1-1: Ground out 6-3 (Groundball, 56D)
Top of the 9th over - 1 run(s), 3 hit(s), 0 error(s), 2 left on base; Yellowknife 2 - Put-In-Bay 3
This league is powered by Out of the Park Baseball, the baseball management simulation game for PC, Mac and Linux
Friday, January 22nd, 2016 - OOTP Baseball 16.9 Build 39